[Event "Team 45 45 League T44"]
[Site "Internet Chess Club"]
[Date "2010.02.28"]
[Round "4"]
[White "yemisco1"]
[Black "vollmerj"]
[Result "1-0"]
[WhiteElo "1450"]
[BlackElo "1751"]
[Opening "Dutch"]
[ECO "A80"]
[Time "13:31:52"]
[TimeControl "2700+45"]

1. d4 f5 2. Nf3 d6 3. g3 g6 4. Nc3 b6 5. Bg2 Bb7 6. O-O Nf6 7. d5 Bg7 8. Ng5 Bc8
9. Qd3 O-O 10. Ne6 Bxe6 11. dxe6 c6 12. Bg5 Qc7 13. Rfe1 a5 14. e4 fxe4 15. Nxe4
Nxe4 16. Bxe4 d5 17. Bxg6 h6 18. Bf7+ Kh8 19. Qg6 Rxf7 20. exf7 Qd6 21. Qxd6
exd6 22. Re8+ Kh7 23. Be7 Ra7 24. Re1 Na6 25. f8=Q Bxf8 26. Bxf8 Nb4 27. R1e7+
Rxe7 28. Rxe7+ Kg8 29. Bxh6 Nxc2 30. f4 d4 31. Rd7 d5 32. f5 d3 33. f6 Nd4 34.
f7+ Kh7 35. f8=Q+ Kg6 36. Rd6+ Kh5 37. Qe8+ Kg4 38. Qg6+ Kf3 39. Qxd3+ Kg4 40.
Rg6+ Kh5 41. g4+ Kh4 42. Qg3# {Black checkmated} 1-0

[Event "Team 45 45 League T44"]
[Site "Internet Chess Club"]
[Date "2010.02.28"]
[Round "4"]
[White "crankn8tr"]
[Black "FractalDante"]
[Result "1-0"]
[WhiteElo "1462"]
[BlackElo "1404"]
[Opening "Sicilian"]
[ECO "B56"]
[Time "10:01:08"]
[TimeControl "2700+45"]

1. e4 c5 2. Nf3 Nc6 3. d4 cxd4 4. Nxd4 Nf6 5. Nc3 d6 6. Be3 Ng4 7. Bg5 Qb6 8.
Nxc6 bxc6 9. Qd2 g6 10. h3 Ne5 11. Rb1 Rb8 12. Na4 Qc7 13. Bh6 Be6 14. Nc3 Bc4
15. b3 Be6 16. Bxf8 Kxf8 17. Be2 h5 18. O-O Qd7 19. f4 Ng4 20. Rf3 Nf6 21. Rbf1
Qc7 22. f5 gxf5 23. exf5 Bd7 24. Rg3 Qa5 25. Qg5 Rg8 26. Qh6+ Ke8 27. Rxg8+ Nxg8
28. Qh8 Kf8 29. f6 exf6 30. Ne4 Qb6+ 31. Kh1 Ke7 32. Nxf6 Nxf6 33. Qxf6+ Ke8 34.
Bxh5 {Black resigns} 1-0

[Event "Team 45 45 League T44"]
[Site "Internet Chess Club"]
[Date "2010.02.25"]
[Round "4"]
[White "Ehab"]
[Black "LucaTrapani"]
[Result "1-0"]
[WhiteElo "1949"]
[BlackElo "1958"]
[Opening "French defense"]
[ECO "C00"]
[Time "19:00:13"]
[TimeControl "2700+45"]

1. e4 e6 2. Nf3 d5 3. exd5 Qxd5 4. d4 Nc6 5. Nc3 Bb4 6. Bd2 Qd8 7. Bb5 Bd7 8.
O-O a6 9. Bd3 Nf6 10. d5 exd5 11. Re1+ Be7 12. Ne5 Nxe5 13. Rxe5 Be6 14. Bg5 O-O
15. Bxf6 Bxf6 16. Rxd5 Bxd5 17. Nxd5 h6 18. Qh5 g6 19. Qf3 Bg7 20. Rd1 c6 21.
Nf4 Qf6 22. Qg4 Rad8 23. h4 Rd4 24. g3 g5 25. c3 Ra4 26. b3 Rxa2 27. hxg5 hxg5
28. Qh3 Re8 29. Qd7 Re7 30. Qc8+ Bf8 31. Qh3 Bg7 32. Bb1 Rb2 33. Rd8+ Bf8 34.
Qh7# {Black checkmated} 1-0

[Event "Team 45 45 League T44"]
[Site "Internet Chess Club"]
[Date "2010.03.01"]
[Round "4"]
[White "Troparion"]
[Black "Magagna"]
[Result "1-0"]
[WhiteElo "1802"]
[BlackElo "1820"]
[Opening "Queen's pawn: London system"]
[ECO "A45"]
[Time "20:06:13"]
[TimeControl "2700+45"]

1. d4 Nf6 2. Bf4 e6 3. e3 c5 4. c3 d5 5. Nd2 Nc6 6. Bd3 Bd6 7. Bxd6 Qxd6 8. Ngf3
O-O 9. Qe2 Re8 10. e4 e5 11. dxc5 Qxc5 12. exd5 e4 13. Nxe4 Nxe4 14. Bxe4 f5 15.
Ng5 h6 16. Qh5 Qe7 17. h4 Na5 18. O-O-O fxe4 19. d6 Qd7 20. Qg6 hxg5 21. hxg5
Qe6 22. Qh5 Qe5 23. Rd5 Qf4+ 24. Kb1 Bg4 25. Qh7+ Kf7 26. Rh6 Re6 27. d7 Qxf2
28. Rxe6 Bxe6 29. d8=N+ Rxd8 30. Rxd8 Bf5 31. Qg8+ Kg6 32. Rd6+ Kh5 33. Qh8+ Kg4
34. Qh3+ Kf4 35. g3+ Kf3 36. Qxf5+ Kxg3 37. Qxa5 e3 38. Qe5+ Kf3 39. Rd4 Ke2 40.
Qb5+ Ke1 41. Qa4 e2 42. Kc1 Kf1 43. Qc4 Kg1 44. Rg4+ Kh2 45. Rh4+ Kg2 46. Qg4+
Qg3 47. Qxe2+ {Black resigns} 1-0

[Event "Team 45 45 League T44"]
[Site "Internet Chess Club"]
[Date "2010.02.27"]
[Round "4"]
[White "MtzKid"]
[Black "MisticKnights"]
[Result "1-0"]
[WhiteElo "1574"]
[BlackElo "1939"]
[Opening "Queen's pawn: stonewall attack"]
[ECO "D00"]
[Time "12:00:50"]
[TimeControl "2700+45"]

1. d4 d5 2. e3 Nf6 3. Bd3 Bg4 4. f3 Bh5 5. Nh3 e6 6. Nf4 Bd6 7. Nxh5 Nxh5 8. g3
Nd7 9. e4 dxe4 10. fxe4 Nxg3 11. hxg3 Bxg3+ 12. Ke2 Qf6 13. Qg1 Bf4 14. Bxf4
Qxf4 15. Qf2 Qxf2+ 16. Kxf2 e5 17. c3 O-O-O 18. Ke3 Nf6 19. Rg1 h5 20. Be2 Rhe8
21. d5 Rg8 22. Nd2 g5 23. Raf1 Rg6 24. Nf3 Ng4+ 25. Rxg4 hxg4 26. Nxe5 Rg7 27.
Bxg4+ Kb8 28. Rxf7 Rgg8 29. Nd7+ Ka8 30. Nf6 Rh8 31. Nh5 c6 32. dxc6 bxc6 33.
Rc7 Rd6 34. Rc8+ Rxc8 35. Bxc8 c5 36. e5 Rd8 37. Bg4 Kb8 38. Nf6 Kc7 39. e6 Kd6
40. Ne4+ Ke7 41. Nxc5 a5 42. b4 axb4 43. cxb4 Rb8 44. a3 Rf8 45. b5 Kd6 46. Ne4+
Ke7 47. Nxg5 Rg8 48. Kf4 Ra8 49. Bf3 Rxa3 50. b6 Ra4+ 51. Be4 Rb4 52. b7 Rb2 53.
Ke5 Rb5+ 54. Bd5 Rb6 55. Nf3 Rb1 56. Nd4 Kd8 57. b8=Q+ {Black resigns} 1-0

[Event "Team 45 45 League T44"]
[Site "Internet Chess Club"]
[Date "2010.02.27"]
[Round "4"]
[White "Frankly"]
[Black "mongmong"]
[Result "1/2-1/2"]
[WhiteElo "1715"]
[BlackElo "1557"]
[Opening "Nimzo-Indian: three knights variation"]
[ECO "E21"]
[Time "06:05:09"]
[TimeControl "2700+45"]

1. d4 e6 2. c4 Nf6 3. Nc3 Bb4 4. Nf3 c5 5. Qc2 O-O 6. Bg5 h6 7. Bh4 d6 8. e3
Nbd7 9. Bd3 Qa5 10. O-O Bxc3 11. bxc3 Re8 12. Rab1 a6 13. Nd2 e5 14. Ne4 Nxe4
15. Bxe4 Qc7 16. Qb3 Rb8 17. Qc2 Nf8 18. Rb2 Be6 19. Rfb1 b6 20. Bd3 f6 21. Qe2
f5 22. f3 g5 23. Bf2 Nd7 24. d5 Bf7 25. Bxf5 Nf8 26. Qd3 Rb7 27. Bg4 Reb8 28. h4
Qe7 29. hxg5 Qxg5 30. Bh3 Bg6 31. e4 Bf7 32. Be3 Qg7 33. Qd2 Kh7 34. Kf2 h5 35.
Rh1 Bg6 36. Bg4 Qf7 37. Rh2 Kg8 38. Bh3 Bxe4 39. Bh6 Kh7 40. Be6 Nxe6 41. dxe6
Qf5 42. Be3 Re8 43. Qxd6 Rxe6 44. Rxh5+ Qxh5 45. Qxe6 Bxf3 46. Rxb6 Rxb6 47.
Qxb6 Bd1 48. Qc7+ Kg8 49. Qd8+ Kh7 50. Qe7+ Kg8 51. Qe6+ Kh7 52. Qe7+ Kg8 53.
Qg5+ Qxg5 54. Bxg5 Kf7 55. Ke3 Ke6 56. Bd8 Bc2 57. g4 Bg6 58. a3 Bc2 59. Bb6 Kd6
60. g5 Kc6 61. Ba7 Bg6 62. a4 Bc2 63. Bb8 Bxa4 64. g6 Bc2 65. g7 Bh7 66. Bxe5 a5
67. Kd2 Bg8 68. Kd3 a4 69. Bf4 a3 70. Bc1 a2 71. Bb2 Kd6 72. Kc2 Bxc4 73. Kd2
Ke5 74. Ke3 Kf6 75. Ke4 Kxg7 76. Ke5 Kf7 77. Kd6 Ke8 78. Kxc5 Bf7 {Game drawn by
mutual agreement} 1/2-1/2

[Event "Team 45 45 League T44"]
[Site "Internet Chess Club"]
[Date "2010.02.28"]
[Round "4"]
[White "IceBox"]
[Black "SlimeDog2"]
[Result "1/2-1/2"]
[WhiteElo "1717"]
[BlackElo "2102"]
[Opening "Grünfeld: Grünfeld gambit accepted"]
[ECO "D84"]
[Time "17:00:38"]
[TimeControl "2700+45"]

1. d4 Nf6 2. c4 g6 3. Nc3 d5 4. Bf4 Bg7 5. e3 O-O 6. cxd5 Nxd5 7. Nxd5 Qxd5 8.
Bxc7 Na6 9. Bxa6 Qxg2 10. Qf3 Qxf3 11. Nxf3 bxa6 12. Rc1 Bb7 13. Ke2 Rac8 14.
Rhd1 e6 15. Rc5 Rfe8 16. Rdc1 Bf8 17. R5c3 Bd5 18. a3 f6 19. Nd2 Ba8 20. f3 Kf7
21. Ne4 Bxe4 22. fxe4 Be7 23. Rc6 Bd8 24. Bxd8 Rcxd8 25. Rxa6 Rd7 26. Rac6 f5
27. e5 g5 28. Rc7 Ree7 29. Rxd7 Rxd7 30. Rc8 Rb7 31. b4 g4 32. Rh8 Kg6 33. Re8
Rb6 34. Kf2 Ra6 35. b5 Rb6 36. a4 h5 37. Kg3 a6 38. Re7 axb5 39. axb5 Kg5 40.
Rg7+ Kh6 41. Re7 Kg5 42. Rg7+ Kh6 43. Re7 Rxb5 44. Rxe6+ Kg5 45. h4+ gxh3 46.
Kxh3 Rb3 47. d5 Rxe3+ 48. Kg2 Rd3 49. d6 f4 50. Re7 f3+ 51. Kf2 Kf4 52. Rf7+
Kxe5 53. Rxf3 Rxd6 54. Kg3 Rd4 55. Kh3 {Game drawn by mutual agreement} 1/2-1/2

[Event "Team 45 45 League T44"]
[Site "Internet Chess Club"]
[Date "2010.03.01"]
[Round "4"]
[White "musk6868"]
[Black "chipionero"]
[Result "0-1"]
[WhiteElo "1806"]
[BlackElo "1696"]
[Opening "Sicilian: closed, 2...Nc6"]
[ECO "B23"]
[Time "05:30:09"]
[TimeControl "2700+45"]

1. e4 c5 2. Nc3 Nc6 3. Bb5 d6 4. Bxc6+ bxc6 5. f4 e6 6. Nf3 Ba6 7. d3 g6 8. O-O
Bg7 9. Qe1 Ne7 10. g4 O-O 11. f5 exf5 12. gxf5 gxf5 13. Qh4 fxe4 14. Nxe4 Ng6
15. Qh5 d5 16. Ng3 Bc8 17. Bh6 Qd7 18. Bxg7 Kxg7 19. Ng5 h6 20. Nf5+ Qxf5 21.
Rxf5 Bxf5 22. Rf1 hxg5 23. Rxf5 f6 24. Rf1 Nf4 25. Qg4 Kh6 26. h4 Rf7 27. Rf2
Re8 28. Qf5 Rg8 29. Kh1 Nh5 30. Rg2 Rfg7 31. hxg5+ Rxg5 32. Rxg5 Rxg5 33. Qe6
Ng3+ 34. Kh2 Nf1+ 35. Kh3 Kg6 36. Qxc6 d4 37. Qa6 Ne3 38. Qxa7 Nd5 39. a4 Nf4+
40. Kh4 Ng2+ 41. Kh3 Nf4+ 42. Kh2 Rg2+ 43. Kh1 Rxc2 44. Qb7 Kg5 45. a5 Kg4 46.
Qg7+ Kf3 47. Qg1 Rxb2 48. Qa1 Rb8 49. a6 Rh8+ 50. Kg1 Ne2+ 51. Kf1 Rh1# {White
checkmated} 0-1

[Event "Team 45 45 League T44"]
[Site "Internet Chess Club"]
[Date "2010.02.28"]
[Round "4"]
[White "jofar"]
[Black "dinkola"]
[Result "1-0"]
[WhiteElo "1741"]
[BlackElo "1675"]
[Opening "Alekhine's defense: modern variation, 4...Bg4"]
[ECO "B05"]
[Time "14:02:47"]
[TimeControl "2700+45"]

1. e4 Nf6 2. e5 Nd5 3. d4 d6 4. Nf3 Bg4 5. Be2 Nc6 6. O-O e6 7. c4 Nb6 8. exd6
cxd6 9. d5 exd5 10. cxd5 Bxf3 11. Bxf3 Ne5 12. Be2 Be7 13. f4 Ng6 14. Bb5+ Nd7
15. Be3 O-O 16. Nc3 Bf6 17. Qd2 a6 18. Be2 Nc5 19. Rac1 Rc8 20. Rfe1 Bxc3 21.
Qxc3 Qd7 22. b4 Ne4 23. Qd3 Nf6 24. g3 Rxc1 25. Bxc1 Re8 26. Kg2 Re4 27. Bd2 Qf5
28. Rc1 h6 29. Bf3 Rxf4 30. Qc3 Nh4+ 31. gxh4 Qg6+ 32. Kh1 Ne4 33. Qe3 Rxf3 34.
Qxf3 Nxd2 35. Qg2 Qd3 36. Rd1 Qe4 37. Qxe4 Nxe4 38. Rc1 Nf6 39. Rc8+ Kh7 40. Rc7
Nxd5 41. Rxb7 Kg6 42. a3 Kf6 43. Ra7 g6 44. Rxa6 Ke5 45. b5 {Black resigns} 1-0

[Event "Team 45 45 League T44"]
[Site "Internet Chess Club"]
[Date "2010.02.25"]
[Round "4"]
[White "Nosferatu1"]
[Black "jefferyx"]
[Result "0-1"]
[WhiteElo "1825"]
[BlackElo "2141"]
[Opening "Queen's Indian: 4.g3 Bb7"]
[ECO "E15"]
[Time "17:00:32"]
[TimeControl "2700+45"]

1. d4 Nf6 2. c4 e6 3. Nf3 b6 4. g3 Bb7 5. Bg2 c5 6. O-O cxd4 7. Qxd4 Nc6 8. Qd1
Be7 9. Nc3 O-O 10. e4 d6 11. Bf4 Ng4 12. Nb5 Nge5 13. b3 a6 14. Nbd4 Nxf3+ 15.
Bxf3 Nxd4 16. Qxd4 e5 17. Bxe5 dxe5 18. Qxe5 Bf6 19. Qf4 Bxa1 20. Rxa1 Qf6 21.
Qxf6 gxf6 22. Bg2 Rad8 23. Rc1 Rd2 24. a4 Rfd8 25. Bf3 R8d3 26. Kg2 Rxb3 27. c5
bxc5 28. Rxc5 Rbb2 29. Bh5 Rxf2+ 30. Kh3 Rxh2+ 31. Kg4 Bxe4 32. Rc8+ Kg7 33. Rc7
Rxh5 34. Kxh5 Bf3+ 35. g4 Rh2# {White checkmated} 0-1

[Event "Team 45 45 League T44"]
[Site "Internet Chess Club"]
[Date "2010.02.28"]
[Round "4"]
[White "pishd"]
[Black "Portola"]
[Result "1-0"]
[WhiteElo "1691"]
[BlackElo "1762"]
[Opening "Queen's bishop game"]
[ECO "D02"]
[Time "07:34:56"]
[TimeControl "2700+45"]

1. d4 d5 2. Nf3 Nf6 3. Bf4 e6 4. e3 Bd6 5. Bd3 Bxf4 6. exf4 Nc6 7. O-O O-O 8. c3
Bd7 9. Ne5 Ne7 10. Nd2 Ng6 11. Qf3 Ne7 12. g4 g6 13. Qh3 Kg7 14. Kh1 Nfg8 15.
Rae1 Bc8 16. g5 f6 17. gxf6+ Rxf6 18. Ndf3 Nf5 19. Ng4 Rf7 20. Ng5 Re7 21. Qxh7+
Kf8 22. Qxg6 Qe8 23. Nh7+ Rxh7 24. Qxh7 Ng7 25. Rg1 Qf7 26. Ne5 Qf6 27. Rg6 Qe7
28. Reg1 {Black resigns} 1-0

[Event "Team 45 45 League T44"]
[Site "Internet Chess Club"]
[Date "2010.03.02"]
[Round "4"]
[White "BraafPaard"]
[Black "kidcobra"]
[Result "1-0"]
[WhiteElo "1613"]
[BlackElo "1635"]
[Opening "KGA: Abbazia defense (classical defense, modern defense[!])"]
[ECO "C36"]
[Time "13:00:51"]
[TimeControl "2700+45"]

1. e4 e5 2. f4 exf4 3. Nf3 d5 4. e5 Nc6 5. d4 Bb4+ 6. c3 Ba5 7. Bxf4 Nge7 8. Be2
O-O 9. O-O Bg4 10. Nbd2 h6 11. h3 Bh5 12. g4 Bg6 13. Nh4 Qd7 14. Nxg6 Nxg6 15.
Bg3 Bb6 16. Kh2 a6 17. b4 Rad8 18. Nb3 Nce7 19. Bd3 Qc6 20. Rc1 Qd7 21. Qc2 c6
22. a4 Ba7 23. a5 Qe8 24. h4 Nc8 25. h5 Nge7 26. Rce1 Qd7 27. Kh3 Rde8 28. Re2
Rd8 29. Ref2 Qe8 30. e6 f6 31. Bc7 Rd6 32. Bxd6 Nxd6 33. Nc5 Bxc5 34. bxc5 Nb5
35. Bxb5 cxb5 36. Re1 Nc6 37. Qa2 Ne7 38. Ra1 f5 39. Qe2 Qd8 40. Kg3 Qc7+ 41.
Qe5 Qd8 42. gxf5 Qe8 43. Kg4 Rf6 44. Raf1 Qf8 45. Qc7 Nc6 46. Qxb7 Ne7 47. Qxa6
Qb8 48. Qd6 Qe8 49. a6 Rf8 50. a7 Kh8 51. Ra1 Nxf5 52. Qxf8+ Qxf8 53. a8=Q Ne3+
54. Kh3 Qxa8 55. Rxa8+ Kh7 56. Rff8 g6 57. Ra7# {Black checkmated} 1-0

[Event "Team 45 45 League T44"]
[Site "Internet Chess Club"]
[Date "2010.02.28"]
[Round "4"]
[White "Caminator"]
[Black "monsterpawn"]
[Result "0-1"]
[WhiteElo "1900"]
[BlackElo "1952"]
[Opening "Sicilian: closed"]
[ECO "B23"]
[Time "20:08:17"]
[TimeControl "2700+45"]

1. e4 c5 2. Nc3 a6 3. a4 Nc6 4. g3 g6 5. Bg2 Bg7 6. d3 d6 7. Nge2 Nf6 8. Be3 Ng4
9. Bd2 O-O 10. h3 Nf6 11. Qc1 Nb4 12. Na2 a5 13. O-O Be6 14. Nxb4 axb4 15. Bh6
Qd7 16. Bxg7 Kxg7 17. Nf4 Rxa4 18. Nxe6+ fxe6 19. Rxa4 Qxa4 20. b3 Qa3 21. Qxa3
bxa3 22. Ra1 Ra8 23. e5 Nd5 24. exd6 exd6 25. c4 Nb4 26. Bxb7 Ra7 27. Bf3 Kf6
28. Kf1 Ke5 29. Ke2 Nc2 30. Ra2 Nd4+ 31. Ke3 Nxf3 32. Kxf3 Kd4 33. Ke2 Kc3 34.
Kd1 Kxb3 35. Ra1 Kb2 36. Rc1 a2 37. Rc2+ Kb3 {White resigns} 0-1

[Event "Team 45 45 League T44"]
[Site "Internet Chess Club"]
[Date "2010.02.26"]
[Round "4"]
[White "Marichan"]
[Black "natethegreat"]
[Result "0-1"]
[WhiteElo "1948"]
[BlackElo "1930"]
[Opening "Sicilian: Kan, 5.Bd3"]
[ECO "B42"]
[Time "17:31:13"]
[TimeControl "2700+45"]

1. e4 c5 2. Nf3 e6 3. d4 cxd4 4. Nxd4 a6 5. Bd3 Nf6 6. O-O Qc7 7. Nc3 Be7 8. Bg5
O-O 9. Re1 d6 10. Qf3 Nbd7 11. Qh3 Ne5 12. Rab1 b5 13. f4 Qb6 14. Ne2 Nxd3 15.
Qxd3 e5 16. fxe5 dxe5 17. Kh1 exd4 18. Nxd4 Rd8 19. c3 Bb7 20. Qh3 Nxe4 21. Rxe4
Bxe4 22. Re1 Bxg5 23. Rxe4 Qf6 24. g3 Rxd4 25. Rxd4 Re8 {White resigns} 0-1

[Event "Team 45 45 League T44"]
[Site "Internet Chess Club"]
[Date "2010.02.26"]
[Round "4"]
[White "avila"]
[Black "guttata"]
[Result "0-1"]
[WhiteElo "1737"]
[BlackElo "2107"]
[Opening "Sicilian: Najdorf, Byrne (English) attack"]
[ECO "B90"]
[Time "17:08:38"]
[TimeControl "2700+45"]

1. e4 c5 2. Nf3 d6 3. d4 cxd4 4. Nxd4 Nf6 5. Nc3 a6 6. Be3 e5 7. Nb3 Be6 8. f3
Be7 9. Qd2 O-O 10. O-O-O Nbd7 11. g4 b5 12. h4 Nb6 13. Bxb6 Qxb6 14. g5 Nh5 15.
Bd3 a5 16. Bxb5 a4 17. Bxa4 Rfc8 18. Bd7 Bxd7 19. Nd5 Qd8 20. Nxe7+ Qxe7 21.
Qxd6 Qxd6 22. Rxd6 Bb5 23. a3 Be2 24. Nd2 Nf4 25. Kb1 Rcb8 26. Ka2 Rd8 27. Rxd8+
Rxd8 28. Nb1 Bxf3 29. Re1 Ng2 30. Rg1 Bxe4 31. Nc3 Bf3 32. Rf1 e4 33. h5 Ne3 34.
Rc1 Nd5 35. Nxd5 Rxd5 36. Re1 Rxg5 37. h6 gxh6 38. c4 Re5 39. b4 h5 40. b5 h4
41. b6 h3 42. b7 Re8 43. Rb1 Rb8 44. c5 e3 45. a4 Rxb7 46. Rg1+ Kf8 47. Re1 e2
48. c6 Rc7 49. Kb3 Rxc6 50. a5 h2 {White resigns} 0-1

[Event "Team 45 45 League T44"]
[Site "Internet Chess Club"]
[Date "2010.03.02"]
[Round "4"]
[White "Nathan826"]
[Black "soccerisfun"]
[Result "1/2-1/2"]
[WhiteElo "1681"]
[BlackElo "1595"]
[Opening "QP counter-gambit (elephant gambit)"]
[ECO "C40"]
[Time "20:09:01"]
[TimeControl "2700+45"]

1. e4 e5 2. Nf3 d5 3. Nxe5 Bd6 4. d4 dxe4 5. Bf4 Nf6 6. Bb5+ c6 7. Bc4 Bxe5 8.
Bxe5 O-O 9. h3 b5 10. Be2 Be6 11. Nd2 Bd5 12. c4 bxc4 13. Bxc4 e3 14. fxe3 Bxg2
15. Rh2 Bd5 16. Bxd5 Nxd5 17. Qg4 f6 18. Rg2 Rf7 19. Bf4 Nxf4 20. Qxf4 Na6 21.
a3 Rb8 22. b4 Nc7 23. Nc4 Qd5 24. Rc2 Re8 25. Kf2 Ne6 26. Qf3 Qxf3+ 27. Kxf3
Ng5+ 28. Kg2 Rc7 29. Re1 Re6 30. Na5 a6 31. d5 Rd6 32. Rxc6 Rcxc6 33. Nxc6 Kf7
34. e4 f5 35. exf5 Rxd5 36. Re7+ Kf6 37. Ra7 Rd2+ 38. Kf1 Kxf5 39. Rxg7 Nf3 40.
Rxh7 Nh2+ 41. Ke1 Nf3+ 42. Kf1 Nh2+ {Game drawn by mutual agreement} 1/2-1/2

[Event "Team 45 45 League T44"]
[Site "Internet Chess Club"]
[Date "2010.02.25"]
[Round "4"]
[White "dpawn"]
[Black "DAISYAGERS"]
[Result "0-1"]
[WhiteElo "1821"]
[BlackElo "1901"]
[Opening "Levitsky attack (Queen's bishop attack)"]
[ECO "D00"]
[Time "21:01:44"]
[TimeControl "2700+45"]

1. d4 d5 2. Bg5 h6 3. Bh4 c6 4. Nf3 Qb6 5. e3 Qxb2 6. Nbd2 Bf5 7. Bd3 Bxd3 8.
cxd3 Qb6 9. O-O Nd7 10. e4 e6 11. Re1 Be7 12. Rb1 Qa6 13. Qb3 b6 14. Rbc1 Bxh4
15. Nxh4 Ne7 16. exd5 Nxd5 17. Rxc6 O-O 18. Rec1 Nf4 19. Qc4 Qxc4 20. R1xc4 b5
21. Rb4 a5 22. Rb1 b4 23. g3 Ne2+ 24. Kf1 Nc3 25. Rb2 Rfc8 26. Rd6 Nf6 27. Nc4
Nb5 28. Rb6 Nxd4 29. Rd6 Nd5 30. Ng2 Nb5 31. Rd7 Rc7 32. Rxc7 Nbxc7 33. Nge3 Kf8
34. Ke2 Nb5 35. Nxd5 exd5 36. Nb6 Nc3+ 37. Kd2 Re8 38. Nd7+ Ke7 39. Ne5 Kd6 40.
d4 f6 41. Nd3 Re2+ 42. Kc1 Nxa2+ 43. Kb1 Nc3+ 44. Ka1 Re4 {White resigns} 0-1

[Event "Team 45 45 League T44"]
[Site "Internet Chess Club"]
[Date "2010.03.03"]
[Round "4"]
[White "Charlemagne"]
[Black "OxidisedLizard"]
[Result "0-1"]
[WhiteElo "1678"]
[BlackElo "1793"]
[Opening "Ruy Lopez: Archangelsk (counterthrust) variation"]
[ECO "C78"]
[Time "02:00:19"]
[TimeControl "2700+45"]

1. e4 e5 2. Nf3 Nc6 3. Bb5 a6 4. Ba4 Nf6 5. O-O b5 6. Bb3 Bb7 7. c3 Nxe4 8. Re1
d5 9. d3 Nc5 10. Nxe5 Ne6 11. Qh5 Nxe5 12. Rxe5 g6 13. Qe2 Bd6 14. Bg5 Qd7 15.
Re3 O-O 16. Bh6 Rfe8 17. Qf3 Ng7 18. Rxe8+ Rxe8 19. Nd2 Nf5 20. Be3 d4 21. Qxb7
dxe3 22. Ne4 Be5 23. Ng5 exf2+ 24. Kxf2 Bd4+ 25. Kf3 Re3+ 26. Kf2 Rg3+ 27. Kf1
Rxg5 28. cxd4 Qxd4 29. Qf3 Ne3+ 30. Ke2 Qxb2+ 31. Bc2 Nxc2 32. Qa8+ Kg7 33. Rh1
Nd4+ 34. Ke3 Qe2+ 35. Kxd4 Qe5# {White checkmated} 0-1

[Event "Team 45 45 League T44"]
[Site "Internet Chess Club"]
[Date "2010.02.26"]
[Round "4"]
[White "tenor"]
[Black "DuDochNicht"]
[Result "1/2-1/2"]
[WhiteElo "1787"]
[BlackElo "1700"]
[Opening "Ruy Lopez: Schliemann defense, Berger variation"]
[ECO "C63"]
[Time "20:02:17"]
[TimeControl "2700+45"]

1. e4 e5 2. Nf3 Nc6 3. Bb5 f5 4. Nc3 fxe4 5. Nxe4 Nf6 6. Qe2 d5 7. Nxf6+ gxf6 8.
d4 Bg7 9. dxe5 O-O 10. Bxc6 bxc6 11. e6 Re8 12. O-O Bxe6 13. Qd3 c5 14. b3 Qd7
15. Bb2 Bf5 16. Qd2 Be4 17. Rad1 Qf5 18. Ne1 d4 19. Ba3 Bb7 20. Nd3 Qg6 21. g3
Bh6 22. Qa5 Qe4 23. f3 Be3+ 24. Kg2 Qg6 25. Qxc7 Rab8 26. Bc1 Bxc1 27. Rxc1 Ba6
28. Rfd1 Rbc8 29. Qa5 Bxd3 30. Rxd3 Re2+ 31. Kg1 Rxc2 32. Rcd1 Re8 33. R3d2 Re2
34. Qd8+ Kg7 35. Qc7+ Kg8 36. Qb8+ Kg7 37. Qc7+ Kg8 38. Qd8+ Kg7 39. Qc7+ {Game
drawn by repetition} 1/2-1/2

[Event "Team 45 45 League T44"]
[Site "Internet Chess Club"]
[Date "2010.02.28"]
[Round "4"]
[White "MegaFish"]
[Black "mfeatherston"]
[Result "0-1"]
[WhiteElo "1784"]
[BlackElo "1924"]
[Opening "Sicilian: Smith-Morra gambit"]
[ECO "B21"]
[Time "12:00:10"]
[TimeControl "2700+45"]

1. e4 c5 2. d4 cxd4 3. c3 g6 4. cxd4 d5 5. exd5 Nf6 6. Nc3 Nxd5 7. Bc4 Nb6 8.
Bb3 Bg7 9. Be3 Nc6 10. Nf3 O-O 11. h3 Na5 12. Bc2 Nac4 13. Rb1 Be6 14. O-O Nd5
15. Nxd5 Bxd5 16. Bg5 h6 17. Bf4 Rc8 18. Ne5 Nxe5 19. Bxe5 Bxa2 20. Ra1 Bc4 21.
Bxg7 Kxg7 22. Re1 a6 23. Be4 Qb6 24. Qf3 Rc7 25. Qa3 Qxd4 26. Rad1 Qf6 27. Qa5
Rfc8 28. b4 Bb5 {White resigns} 0-1

[Event "Team 45 45 League T44"]
[Site "Internet Chess Club"]
[Date "2010.02.28"]
[Round "4"]
[White "Grenadier"]
[Black "Warpdrive"]
[Result "1/2-1/2"]
[WhiteElo "1693"]
[BlackElo "1594"]
[Opening "Alekhine's defense: Balogh variation"]
[ECO "B03"]
[Time "20:02:20"]
[TimeControl "2700+45"]

1. e4 Nf6 2. e5 Nd5 3. d4 d6 4. Bc4 c6 5. Qe2 e6 6. Nf3 Be7 7. O-O b6 8. Bd2 a5
9. Bd3 Nb4 10. Bxb4 axb4 11. Nbd2 Ba6 12. Ne4 Bxd3 13. Qxd3 d5 14. Ng3 Qd7 15.
Nh5 O-O 16. h4 c5 17. Ng5 g6 18. Qg3 Qd8 19. Nf4 Bxg5 20. hxg5 cxd4 21. Rfd1 Nc6
22. Qh3 Nxe5 23. Rxd4 Qxg5 24. Rxb4 Rfc8 25. c3 Rc4 26. Nxe6 fxe6 27. Qxe6+ Kg7
28. Qxd5 Rd8 29. Qb7+ Rd7 30. Qxb6 Nf3+ 31. Kf1 Nd2+ 32. Kg1 Nf3+ 33. Kf1 Nd2+
34. Kg1 Nf3+ 35. Kf1 {Game drawn by repetition} 1/2-1/2

[Event "Team 45 45 League T44"]
[Site "Internet Chess Club"]
[Date "2010.02.28"]
[Round "4"]
[White "BrandonBee"]
[Black "GoIrish"]
[Result "0-1"]
[WhiteElo "1484"]
[BlackElo "1604"]
[Opening "Alekhine's defense: modern, fianchetto variation"]
[ECO "B04"]
[Time "07:00:28"]
[TimeControl "2700+45"]

1. e4 Nf6 2. e5 Nd5 3. d4 d6 4. Nf3 g6 5. Bc4 Nb6 6. Bxf7+ Kxf7 7. Ng5+ Kg8 8.
e6 Qe8 9. Qf3 h6 10. Nf7 Rh7 11. d5 Rxf7 12. exf7+ Qxf7 13. Qxf7+ Kxf7 14. Nc3
Bf5 15. O-O Bxc2 16. Re1 Bg7 17. Re2 Bf5 18. Be3 Nc4 19. Nb5 Nd7 20. Nd4 Nxe3
21. fxe3 Bxd4 22. exd4 Nf6 23. Rf2 Kg7 24. h3 Nxd5 25. g4 Bd7 26. Re1 Bb5 27.
Re6 Bd7 28. Re1 Rf8 29. Rxf8 Kxf8 30. Rf1+ Kg7 31. Rf3 b6 32. a3 c5 33. dxc5
bxc5 34. Kf2 Bc6 35. Kg3 Nf6 36. Re3 e5 37. h4 g5 38. hxg5 hxg5 39. Kf2 {White
resigns} 0-1

[Event "Team 45 45 League T44"]
[Site "Internet Chess Club"]
[Date "2010.02.28"]
[Round "4"]
[White "Monsoon-Smith"]
[Black "DTK"]
[Result "1/2-1/2"]
[WhiteElo "2051"]
[BlackElo "2169"]
[Opening "Benkö gambit half accepted"]
[ECO "A57"]
[Time "16:59:38"]
[TimeControl "2700+45"]

1. d4 Nf6 2. c4 c5 3. d5 b5 4. cxb5 a6 5. f3 e6 6. e4 c4 7. Bxc4 axb5 8. Bb3 Bc5
9. Ne2 Qb6 10. Nbc3 O-O 11. Bg5 Bb7 12. Kf1 exd5 13. Nxd5 Nxd5 14. Bxd5 Nc6 15.
g3 Ne5 16. Kg2 Bc6 17. Qd2 Nc4 18. Bxc4 bxc4 19. Nc3 f5 20. Nd5 Qb7 21. Be7 fxe4
22. Bxc5 Bxd5 23. Bxf8 Rxf8 24. Rhd1 exf3+ 25. Kf2 Be4 26. Qd4 d5 27. a4 Qc8 28.
Rd2 Rf6 29. a5 h5 30. Ke3 h4 31. Rf2 hxg3 32. hxg3 Qg4 33. Kd2 Qg6 34. Ra3 Ra6
35. b4 cxb3 36. Rxb3 Qxg3 37. Rb5 Qc7 38. Rc5 Qf4+ 39. Kc3 Qd6 40. Rf1 Qd8 41.
Rg1 Rf6 42. a6 f2 43. Rf1 Rxa6 44. Rxf2 Rh6 45. Qe5 Rh3+ 46. Kd2 Qh4 {Game drawn
by mutual agreement} 1/2-1/2

[Event "Team 45 45 League T44"]
[Site "Internet Chess Club"]
[Date "2010.02.27"]
[Round "4"]
[White "bgolev"]
[Black "Uragon-bocho"]
[Result "1-0"]
[WhiteElo "1870"]
[BlackElo "2034"]
[Opening "QGD semi-Slav: 5...Nd7"]
[ECO "D45"]
[Time "16:01:26"]
[TimeControl "2700+45"]

1. d4 d5 2. c4 c6 3. Nc3 e6 4. Nf3 Nf6 5. e3 Nbd7 6. Bd2 b6 7. cxd5 exd5 8. Bd3
Bb4 9. Qc2 O-O 10. O-O Re8 11. Ne2 c5 12. Bxb4 cxb4 13. Qb3 Qe7 14. Nf4 Bb7 15.
Bb5 Qd6 16. Ne5 Re7 17. Nfd3 a5 18. Rac1 Nf8 19. Bc6 Rc8 20. Bxb7 Rxc1 21. Rxc1
Rxb7 22. Rc6 Qd8 23. Qc2 Ne4 24. Rc8 Qd6 25. Nf4 f6 26. Rc6 Qd8 27. Rc8 Qd6 28.
Rxf8+ Qxf8 29. Qc6 fxe5 30. Qxb7 Qd8 31. Qxd5+ Qxd5 32. Nxd5 b5 33. dxe5 Kf7 34.
Nc7 Nc5 35. Nxb5 Nd3 36. f4 Nxb2 37. Kf2 Nc4 38. Ke2 a4 39. Kd3 Nb6 40. e4 g6
41. g4 Nd7 42. h4 b3 43. axb3 Nc5+ 44. Kc4 Nxb3 45. Kb4 Nd2 46. Nc3 h5 47. gxh5
gxh5 48. Kxa4 Nf3 49. Kb4 Nxh4 50. f5 Nf3 51. e6+ Ke8 52. Kc5 h4 53. Ne2 h3 54.
Ng3 h2 55. Kd5 Nd2 56. e5 Nf1 57. Nh1 Ne3+ 58. Ke4 Nc4 59. f6 Nd2+ 60. Kf5 Nf3
61. Kg6 Nxe5+ 62. Kg7 {Black forfeits on time} 1-0